 Dungeon Crawl Stone Soup version 0.30-a0-930-gb9d0489357 (webtiles) character file.

Game seed: 11691073910616988147

254 mopl the Stinger (level 5, -3/38 HPs)
             Began as a Draconian Venom Mage on Mar 23, 2023.
             Slain by an ufetubus (4 damage)
             ... on level 4 of the Dungeon.
             The game lasted 00:03:22 (2059 turns).

mopl the Stinger (Draconian Venom Mage)             Turns: 2059, Time: 00:03:22

Health: -3/38      AC:  5    Str: 10    XL:     5   Next: 90%
Magic:  0/11       EV: 12    Int: 17    God:
Gold:   141        SH:  0    Dex: 12    Spells: 7/12 levels left

rFire   . . .      SeeInvis .    m - +2 spear (freeze)
rCold   . . .      Faith    .    (no shield)
rNeg    . . .      Spirit   .    (body armour unavailable)
rPois   .          Reflect  .    (helmet restricted)
rElec   .          Rampage  .    (no cloak)
rCorr   .                        (no gloves)
Will    .....                    (no boots)
Stlth   ++                       (no amulet)
HPRegen 0.26/turn                (no ring)
MPRegen 0.12/turn                (no ring)

@: flying
A: AC +5, unfitting armour, cold-blooded
a: no special abilities


You were on level 4 of the Dungeon.
You visited 1 branch of the dungeon, and saw 4 of its levels.

You collected 141 gold pieces.

Inventory:

Hand Weapons
 m - a +2 spear of freezing (weapon)
 o - a +0 dagger of venom
Missiles
 q - 5 poisoned darts
Scrolls
 b - a scroll of silence {unknown}
 c - a scroll of torment {unknown}
 d - 4 scrolls of teleportation {unknown}
 e - a scroll of noise {unknown}
 f - a scroll of fog {unknown}
 g - a scroll of identify {unknown}
 j - a scroll of poison {unknown}
 n - a scroll of immolation {unknown}
 r - a scroll of vulnerability {unknown}
Potions
 a - 2 potions of magic
 h - a potion of haste {unknown}
 i - a potion of lignification {unknown}
 k - a potion of might {unknown}
 l - a potion of flight
 p - a potion of brilliance {unknown}


   Skills:
 - Level 1.7 Dodging
 - Level 1.7 Stealth
 + Level 4.3 Spellcasting
 - Level 1.0 Transmutations
 + Level 5.1 Poison Magic


You had 7 spell levels left.
You knew the following spells:

 Your Spells              Type           Power      Damage    Failure   Level
a - Sting                 Tmut/Pois      56%        1d5       4%          1
o - Olgreb's Toxic Radia  Pois           21%        N/A       19%         4

Your spell library contained the following spells:

 Spells                   Type           Power      Damage    Failure   Level
 Poisonous Vapours        Pois/Air       24%        N/A       9%          2
 Spider Form              Tmut/Pois      14%        N/A       13%         3
 Mephitic Cloud           Conj/Pois/Air  9%         N/A       22%         3
 Ensorcelled Hibernation  Hex/Ice        6%         N/A       24%         2
 Inner Flame              Hex/Fire       3%         N/A       43%         3
 Ozocubu's Armour         Ice            3%         N/A       43%         3
 Anguish                  Hex/Necr       1%         N/A       83%         4
 Cause Fear               Hex            1%         N/A       83%         4
 Ozocubu's Refrigeration  Ice            1%         4d7       100%        7
 Discord                  Hex            1%         N/A       100%        8


Dungeon Overview and Level Annotations

Branches:
Dungeon (4/15)
 Temple: D:4-7

Altars:


Innate Abilities, Weirdness & Mutations

Your plain brown scales are hard. (AC +5)
You cannot fit into any form of body armour.
You are cold-blooded and may be slowed by cold attacks.


Message History

The ufetubus barely misses you.
You feel sick.
You are no longer poisoned.
The ufetubus hits you but does no damage. x2
Okay, then.
You aren't carrying any items that you can evoke.
Okay, then.
It was a potion of flight.
You feel very buoyant.
You fly up into the air.
The ufetubus hits you but does no damage. x2
The ufetubus hits you but does no damage.
The ufetubus hits you.
* * * LOW HITPOINT WARNING * * *
Casting: Sting (safe; 4% risk of failure)
Confirm with . or Enter, or press ? or * to list all spells.
You don't have enough magic to cast this spell.
Unknown command.
Press: ? - help, v - describe, . - travel
Here: an ufetubus The floor.
You miss the ufetubus.
You tail-slap the ufetubus, but do no damage.
The ufetubus hits you but does no damage.
The ufetubus closely misses you.
You hit the ufetubus.
Your tail-slap misses the ufetubus.
The ufetubus is heavily wounded.
The ufetubus misses you. x2
Casting: Sting (safe; 4% risk of failure)
Confirm with . or Enter, or press ? or * to list all spells.
Aiming: Sting (safe; 4% risk of failure)
Press: ? - help, Shift-Dir - straight line, f - ufetubus
Aim: an ufetubus (moderately wounded, 53% to hit)
The sting hits the ufetubus.
The ufetubus is poisoned.
The ufetubus is almost dead.
The ufetubus shouts!
The ufetubus hits you.
* * * LOW HITPOINT WARNING * * *
The ufetubus hits you but does no damage.
The ufetubus hits you.
You die...

{##### #.)...# ..)..#
##########..####
..##.###...........#
............).###..#
..##.###.####<###..####
.###.# #.####........5#
.# #.# #.##.....##.##.#
.# #.# #.##.....##.##.#
. #.# #........@55...#
... #.##.....##.##.#
......##.....##.# #
.................
######..######.. #..#
#..# #..# ...#


You could see 2 ufetubi.

Vanquished Creatures
  2 scorpions (D:4)
  Jessica (D:2)
  An orc wizard (D:4)
  An adder (D:3)
  2 worms (D:2)
  2 dart slugs
  5 orcs
  6 ball pythons
  8 endoplasms
  2 giant cockroaches
  6 goblins
  5 hobgoblins
  2 quokkas
  2 bats
  8 frilled lizards
  2 kobolds
  9 rats
64 creatures vanquished.

Notes
Turn   | Place    | Note
-------+----------+-------------------------------------------
     0 | D:1      | mopl the Draconian Venom Mage began the quest for the Orb.
     0 | D:1      | Reached XP level 1. HP: 14/14 MP: 3/3
   173 | D:1      | Reached XP level 2. HP: 20/20 MP: 1/5
   731 | D:2      | Reached XP level 3. HP: 21/26 MP: 1/7
   988 | D:2      | Noticed Jessica
   995 | D:2      | Killed Jessica
   996 | D:2      | Reached skill level 3 in Spellcasting
   996 | D:2      | Reached skill level 4 in Poison Magic
   996 | D:2      | Reached XP level 4. HP: 20/33 MP: 1/8
  1051 | D:2      | Learned a level 4 spell: Olgreb's Toxic Radiance
  2018 | D:4      | Reached XP level 5. HP: 38/38 MP: 6/10
  2035 | D:4      | Reached skill level 4 in Spellcasting
  2050 | D:4      | Reached skill level 5 in Poison Magic
  2059 | D:4      | HP: 1/38 [ufetubus (3)]
  2059 | D:4      | Slain by an ufetubus

Illustrated notes

Levels and vault maps discovered:
D:1:      onia_arrival_pyramid, layout_basic, kennysheep_decorative_pillar
D:2:      layout_loops_ring, minmay_small_reverse_x, uniq_jessica
D:3:      layout_rooms
D:4:      old_forge, layout_loops_ring, mainiacjoe_overflow_24_doors

Skill      XL: |  1  2  3  4  5 |
---------------+----------------+-----
Spellcasting   | 3 4 |  4.3
Poison Magic   | 4 5 |  5.1
Dodging        | |  1.7
Stealth        | |  1.7
Transmutations | |  1.0

Action                     |  1- 3 |  4- 6 || total
---------------------------+-------+-------++-------
  Melee: Unarmed           |    55 |     1 ||    56
         Tailslap          |     6 |     1 ||     7
         Punch             |     1 |       ||     1
         Spear             |       |    26 ||    26
   Cast: Sting             |    53 |    33 ||    86
         Olgreb's Toxic Ra |       |     1 ||     1
    Use: Potion            |       |     1 ||     1
   Stab: Sleeping          |       |     3 ||     3
 Armour: Skin              |    29 |    25 ||    54
  Dodge: Dodged            |    60 |    19 ||    79

Table legend: (Time is in decaauts)
 A = Elapsed time spent in this place.
 B = Non-inter-level travel time spent in this place.
 C = Inter-level travel time spent in this place.
 D = Time resting spent in this place.
 E = Time spent auto-exploring this place.
 F = Levels seen in this place.
 G = Mean time per level.
                   A        B        C        D        E       F      G
               +--------+--------+--------+--------+--------+-----+--------+
         Total |   2067 |   2003 |     64 |    312 |   1261 |   4 |  516.8 |
       Dungeon |   2067 |   2003 |     64 |    312 |   1261 |   4 |  516.8 |
               +--------+--------+--------+--------+--------+-----+--------+

Top non-repeatable levels by time:
     D:2: 791 daAuts
     D:1: 657 daAuts
     D:3: 506 daAuts
     D:4: 111 daAuts
